 Dungeon Crawl Stone Soup version 0.23-a0-241-g3b46b07 (webtiles) character file.

7618 namelastname112 the Slicer (level 10, -3/88 HPs)
             Began as a Black Draconian Wanderer on Sept 26, 2018.
             Was a High Priest of Uskayaw.
             Slain by a yak (16 damage)
             ... on level 1 of the Lair of Beasts.
             The game lasted 00:15:41 (9519 turns).

namelastname112 the Slicer (DrWn)                   Turns: 9519, Time: 00:15:43

Health: -3/88      AC: 11    Str: 15    XL:     10   Next: 98%
Magic:  14/14      EV: 15    Int: 13    God:    Uskayaw [*****.]
Gold:   230        SH:  0    Dex: 13    Spells: 9/9 levels left

rFire    + . .     SeeInvis .   b - +1 dagger (elec)
rCold    . . .     Gourm    .   (no shield)
rNeg     . . .     Faith    .   (armour unavailable)
rPois    .         Spirit   .   (helmet restricted)
rElec    +         Reflect  .   (no cloak)
rCorr    .         Harm     +   J - +0 pair of gloves (curse)
MR       .....                  m - +2 pair of boots
Stlth    +++.......             w - amulet of harm
HPRegen  0.24/turn              g - +3 ring of slaying
MPRegen  0.14/turn              i - ring of protection from fire

@: short of breath
A: breathe lightning, unfitting armour, electricity resistance, cold-blooded, AC
+7
a: Breathe Lightning, Stomp, Line Pass, Grand Finale, Renounce Religion


You were on level 1 of the Lair of Beasts.
You worshipped Uskayaw.
Uskayaw was noncommittal.
You were hungry.

You visited 3 branches of the dungeon, and saw 11 of its levels.

You collected 366 gold pieces.
You spent 136 gold pieces at shops.

Inventory:

Hand Weapons
 a - a +8 blowgun
 b - a +1 dagger of electrocution (weapon)
Missiles
 v - 18 curare-tipped needles
 y - 5 needles of sleeping
 z - a throwing net (quivered)
 G - 32 poisoned needles
Armour
 m - a +2 pair of boots (worn)
 J - a cursed +0 pair of gloves (worn)
Jewellery
 c - an uncursed ring of see invisible
 g - a +3 ring of slaying (left hand)
 i - a ring of protection from fire (right hand)
 o - a cursed ring of attention {unknown}
 u - an uncursed ring of flight
 w - an amulet of harm (around neck)
Wands
 j - a wand of iceblast (17)
 K - a wand of polymorph (18)
 L - a wand of paralysis (15)
Scrolls
 f - 5 scrolls of remove curse
 l - 5 scrolls of teleportation
 p - a scroll of enchant armour
 q - 5 scrolls of enchant weapon
 s - 2 scrolls of vulnerability {unknown}
 t - 2 scrolls of magic mapping
 B - 2 scrolls of identify
 N - a scroll of torment {unknown}
Potions
 e - a potion of cancellation
 h - 2 potions of haste
 k - 3 potions of might {unknown}
 n - a potion of berserk rage {unknown}
 r - 3 potions of lignification
 x - a potion of agility {unknown}
 A - a potion of resistance {unknown}
 C - 3 potions of invisibility {unknown}
 D - 5 potions of mutation
 E - a potion of heal wounds {unknown}
 F - a potion of brilliance {unknown}
 H - a potion of degeneration {unknown}
 M - a potion of ambrosia {unknown}
Miscellaneous
 O - a phial of floods (inert)
Comestibles
 d - 9 rations


   Skills:
 + Level 7.6 Fighting
 + Level 8.4(8.5) Short Blades
   Level 2.0(5.6) Long Blades
   Level 3.0 Polearms
 + Level 5.5 Throwing
 + Level 6.0 Dodging
 * Level 6.5 Stealth
 + Level 6.1 Invocations
 - Level 3.6 Evocations


You had 9 spell levels left.
You didn't know any spells.
Your spell library contained the following spells:

 Spells                   Type           Power        Failure   Level  Hunger
 Flame Tongue             Conj/Fire      #....        30%         1    ##.....
 Throw Flame              Conj/Fire      #.....       43%         2    ###....
 Conjure Flame            Conj/Fire      #.......     67%         3    ####...
 Inner Flame              Hex/Fire       #.......     67%         3    ####...
 Sticky Flame             Conj/Fire      #.......     97%         4    #####..
 Fireball                 Conj/Fire      #.........   100%        5    ######.


Dungeon Overview and Level Annotations

Branches:
Dungeon (9/15)             Temple (1/1) D:4            Lair (1/6) D:8
    Orc: D:9-12

Altars:
Ashenzari
Cheibriados
Dithmenos
Elyvilon
Fedhas
Gozag
Hepliaklqana
Kikubaaqudgha
Makhleb
Nemelex Xobeh
Okawaru
Qazlal
Ru
Sif Muna
Trog
Uskayaw
Vehumet
Wu Jian
Xom
Yredelemnul
Zin
The Shining One

Shops:
D:5 ?


Innate Abilities, Weirdness & Mutations

You can breathe wild blasts of lightning.
Your glossy black scales are hard. (AC +7)
You cannot fit into any form of body armour.
You are resistant to electric shocks. (rElec)
You are cold-blooded and may be slowed by cold attacks.


Message History

The yak is no longer paralysed.
You breathe a wild blast of lightning!
The zap hits the fungus.
The fungus is lightly damaged.
The zap hits the fungus.
The fungus is lightly damaged.
You hear a mighty clap of thunder!
You feel somewhat more hungry.
You hear an angry hiss.
The eight-headed hydra bites you but does no damage.
The eight-headed hydra bites you! The eight-headed hydra bites you.
The eight-headed hydra bites you! x2
* * * LOW HITPOINT WARNING * * *
The eight-headed hydra barely misses you.
The eight-headed hydra closely misses you.
The eight-headed hydra bites you!
* * * LOW HITPOINT WARNING * * *
You take 58 damage, and have 12/88 hp.
MASSIVE DAMAGE!!
The eight-headed hydra is no longer sharing its pain.
The yak gores you!
You die...

...####...# #..#
...# #..# #.##
.##. ## ##.# .. ##
#P.# # #..# ##.#
##..# #. #####.#.#
.#..###P#D@.#.#
.........Y#...#
#P..(..†..#....#
##...#†.#####.....
#..#.#.. ..##.# .
...#... ## # #..#
##... #.. #... #.
#.##


You could see an eight-headed hydra and a yak.

Vanquished Creatures
  Harold (D:8)
  Nergalle (Lair:1)
  Joseph (D:9)
  A troll (D:9)
  2 hippogriffs
  7 yaks (Lair:1)
  Grum (D:9)
  3 porcupines (Lair:1)
  A sky beast (D:8)
  A water moccasin (Lair:1)
  An ice beast (D:6)
  3 ogres
  A necrophage (D:6)
  6 wolves
  2 centaurs
  A big kobold (Lair:1)
  4 bullfrogs
  A wyvern zombie (D:9)
  2 scorpions
  11 killer bees
  13 wights
  A howler monkey (D:4)
  2 centaur zombies
  A bullfrog zombie (D:9)
  5 hounds
  7 orc wizards
  5 orc priests
  A centaur skeleton (D:7)
  4 iguanas
  9 worker ants
  A worker ant zombie (D:6)
  11 adders
  An ooze (D:2)
  An adder skeleton (D:9)
  A worm (D:4)
  6 leopard geckos
  31 orcs
  2 ball pythons
  9 giant cockroaches
  9 goblins
  11 hobgoblins
  5 kobolds
  A quokka (D:2)
  8 bats
  5 frilled lizards
  2 quokka skeletons
  3 rats
  A spectral orc (D:7)
207 creatures vanquished.

Notes
Turn   | Place    | Note
-------+----------+-------------------------------------------
     0 | D:1      | namelastname112 the Draconian Wanderer began the quest for
                  | the Orb.
     0 | D:1      | namelastname112 set off with: a phial of floods, a +0
                  | spear, a potion of curing, a ration
     0 | D:1      | Reached XP level 1. HP: 17/17 MP: 1/1
    68 | D:1      | Reached XP level 2. HP: 9/25 MP: 1/3
   360 | D:1      | Reached skill level 1 in Dodging
   462 | D:1      | HP: 1/25 [bat (1)]
   815 | D:1      | Reached XP level 3. HP: 22/30 MP: 4/4
  1531 | D:2      | Reached XP level 4. HP: 36/38 MP: 5/5
  1967 | D:3      | Reached XP level 5. HP: 45/46 MP: 5/7
  2422 | D:3      | Reached skill level 1 in Short Blades
  2740 | D:3      | Reached XP level 6. HP: 42/52 MP: 8/8
  2928 | D:4      | Reached skill level 2 in Short Blades
  3324 | D:4      | Found a staircase to the Ecumenical Temple.
  3375 | D:4      | Your scales start taking on a glossy black colour.
  3375 | D:4      | Reached XP level 7. HP: 17/60 MP: 9/9
  3375 | D:4      | Gained mutation: You are resistant to electric shocks.
                  | (rElec) [Black Draconian growth]
  3538 | Temple   | Entered the Ecumenical Temple
  3648 | Temple   | Became a worshipper of Uskayaw the Reveler
  3694 | D:5      | Entered Level 5 of the Dungeon
  3700 | D:5      | Found Tydamot Vifu's Magic Scroll Shop.
  3703 | D:5      | Bought a scroll of teleportation for 39 gold pieces
  3703 | D:5      | Bought a scroll of blinking for 97 gold pieces
  3742 | D:5      | Reached * piety under Uskayaw
  3809 | D:5      | Reached ** piety under Uskayaw
  3812 | D:5      | Reached skill level 3 in Short Blades
  3812 | D:5      | Reached *** piety under Uskayaw
  3985 | D:5      | Reached skill level 1 in Invocations
  4304 | D:6      | Found a white marble altar of Elyvilon.
  4400 | D:6      | Found an iron altar of Okawaru.
  4444 | D:6      | Reached XP level 8. HP: 65/67 MP: 10/10
  4452 | D:6      | Reached **** piety under Uskayaw
  4472 | D:6      | Reached skill level 4 in Short Blades
  4499 | D:6      | Reached skill level 5 in Fighting
  4795 | D:6      | Found a stormy altar of Qazlal.
  5084 | D:6      | Reached skill level 5 in Short Blades
  5185 | D:6      | Found a shimmering altar of Xom.
  5185 | D:6      | Found an opulent altar of Gozag.
  5445 | D:7      | Found an ornate altar of the Wu Jian Council.
  5565 | D:7      | Reached ***** piety under Uskayaw
  5576 | D:7      | Reached XP level 9. HP: 61/74 MP: 11/11
  5579 | D:7      | Reached ****** piety under Uskayaw
  5719 | D:7      | You fall through a shaft for 2 floors!
  5743 | D:9      | Noticed Grum
  5773 | D:9      | Killed Grum
  5776 | D:9      | Noticed Joseph
  6087 | D:8      | Reached skill level 6 in Short Blades
  6137 | D:8      | Found a staircase to the Lair.
  6582 | D:8      | Found an opulent altar of Gozag.
  6920 | D:8      | Noticed Harold
  6934 | D:8      | Killed Harold
  6934 | D:8      | Reached skill level 5 in Dodging
  6934 | D:8      | Reached skill level 5 in Stealth
  7488 | D:7      | Found a basalt altar of Yredelemnul.
  7604 | Lair:1   | Entered Level 1 of the Lair of Beasts
  7607 | Lair:1   | Reached skill level 7 in Short Blades
  7611 | Lair:1   | Reached XP level 10. HP: 78/84 MP: 13/13
  7612 | Lair:1   | Reached skill level 5 in Invocations
  8267 | D:9      | Killed Joseph
  8607 | D:9      | Reached skill level 5 in Throwing
  8628 | D:9      | Noticed a brown ugly thing
  8946 | Lair:1   | Reached skill level 8 in Short Blades
  8971 | Lair:1   | Noticed Nergalle
  8993 | Lair:1   | Killed Nergalle
  9152 | Lair:1   | Noticed Sonja
  9159 | Lair:1   | Noticed Sonja
  9159 | Lair:1   | Sonja changed into Sonja the big kobold
  9170 | Lair:1   | Killed Sonja the big kobold
  9505 | Lair:1   | Noticed an eight-headed hydra
  9519 | Lair:1   | Slain by a yak

Vault maps used:
D:1:      minmay_arrival_solitary_statue, fountainhead
D:2:      hex_large, minmay_door_square
D:4:      minmay_temple_entry_grid, first_ration
D:5:      serial_shops, nicolae_shop_behind_doors
D:6:      lemuel_crystal_altar, nicolae_qazlal_eye_of_the_storm,
          nicolae_overflow_crystal_walls, gammafunk_temple_overflow_elements
D:7:      yredelemnul_forgotten_temple_becter, kennysheep_mini
D:8:      dpeg_oklobed_lair, basic_altar, kennysheep_path_1, uniq_harold
D:9:      minmay_distorted_concentric_squares, david_nohive_1,
          uniq_prince_ribbit1, uniq_joseph, uniq_grum
Temple:   regret_index_temple_waves
Lair:1:   uniq_sonja, uniq_nergalle

Skill      XL: |  1  2  3  4  5  6  7  8  9 10 |
---------------+-------------------------------+-----
Dodging        | 1 2 3 4 5 6 |  6.0
Evocations     | 2 3 |  3.6
Fighting       | 3 4 5 6 7 |  7.6
Short Blades   | 1 2 3 5 7 8 |  8.4
Stealth        | 2 3 4 5 6 |  6.5
Throwing       | 2 3 4 5 |  5.5
Invocations    | 1 3 4 6 |  6.1
Long Blades    | |  2.0
Polearms       | |  3.0

Action                   |  1- 3 |  4- 6 |  7- 9 | 10-12 || total
-------------------------+-------+-------+-------+-------++-------
Melee: Spear             |   133 |     5 |       |       ||   138
       Tailslap          |    12 |    17 |    27 |    18 ||    74
       Dagger            |       |   145 |   237 |   160 ||   542
Invok: Line Pass         |       |       |     1 |       ||     1
 Abil: Breathe Lightning |       |       |     2 |     1 ||     3
Evoke: Phial of floods   |       |       |     2 |       ||     2
       Wand              |       |       |       |     2 ||     2
  Use: Scroll            |       |       |    13 |     1 ||    14
       Potion            |       |       |     4 |       ||     4
 Stab: Sleeping          |     5 |     1 |    11 |       ||    17
       Paralysed         |       |       |     9 |    11 ||    20
       Distracted        |       |       |       |     1 ||     1
  Eat: Chunk             |     2 |     2 |    10 |     3 ||    17
       Ration            |       |     1 |     2 |       ||     3
Armor: Skin              |    29 |    30 |    47 |    45 ||   151
Dodge: Dodged            |    57 |    71 |   115 |   132 ||   375

Table legend:
 A = Non-vault XP
 B = Vault XP
 C = Vault XP percentage of total XP
 D = Non-vault monster count
 E = Vault monster count
 F = Vault count percentage of total count
                 A         B        C        D         E       F
            +---------+---------+-------+---------+---------+-------
      Total |    7195 |    3689 |  33.9 |     189 |      18 |   8.7
            +---------+---------+-------+---------+---------+-------
        D:1 |      47 |       0 |   0.0 |      26 |       0 |   0.0
        D:2 |      80 |       0 |   0.0 |      17 |       0 |   0.0
        D:3 |     291 |       0 |   0.0 |      37 |       0 |   0.0
        D:4 |     392 |       0 |   0.0 |      14 |       0 |   0.0
        D:5 |     257 |       0 |   0.0 |       8 |       0 |   0.0
        D:6 |    1278 |       0 |   0.0 |      30 |       0 |   0.0
        D:7 |     584 |       1 |   0.2 |      11 |       1 |   8.3
        D:8 |     785 |    1138 |  59.2 |      21 |       3 |  12.5
        D:9 |     557 |    1670 |  75.0 |       7 |      12 |  63.2
     Lair:1 |    2924 |     880 |  23.1 |      18 |       2 |  10.0
            +---------+---------+-------+---------+---------+-------
